 Dungeon Crawl Stone Soup version 0.30.0-29-ga12c61a403 (webtiles) character file.

Game seed: 3514522944184468285

2051 booth the Conjurer (level 9, -11/55 HPs)
             Began as a Gargoyle Reaver on June 21, 2023.
             Was an Initiate of Ashenzari.
             Shot with a sling bullet by Joseph (13 damage)
             ... on level 7 of the Dungeon.
             The game lasted 00:46:30 (6938 turns).

booth the Conjurer (Gargoyle Reaver)                Turns: 6938, Time: 00:46:31

Health: -11/55     AC: 12    Str: 18    XL:     9   Next: 25%
Magic:  0/16       EV: 13    Int: 14    God:    Ashenzari [......]
Gold:   334        SH:  0    Dex: 12    Spells: 0/17 levels left

rFire   + . .        c - +2 whip (elec)
rCold   . . .        (no shield)
rNeg    + . .        y - +1 leather armour of the Pink Corner {Dex+2}
rPois   ∞            (no helmet)
rElec   +            (no cloak)
rCorr   .            v - +1 pair of gloves
SInv    .            (no boots)
Will    .....        d - amulet of guardian spirit
Stlth   +            k - ring "Share My Insecurity" {rF+, Cun, Fort} (curse)
HPRegen 0.29/turn    (no ring)
MPRegen 0.15/turn

%: guardian spirit
@: no status effects
A: sickness immunity, AC +6, negative energy resistance 1, electricity
resistance, torment resistance 1, petrification resistance
a: Renounce Religion, Shatter the Chains


You were on level 7 of the Dungeon.
You worshipped Ashenzari.
Ashenzari was noncommittal.
You visited 2 branches of the dungeon, and saw 8 of its levels.
You also visited: Sewer.

You collected 334 gold pieces.

Inventory:

Hand Weapons
 a - a +1 mace
 c - a +2 whip of electrocution (weapon)
Missiles
 f - 3 poisoned darts (quivered)
 m - 5 atropa-tipped darts
 o - 6 boomerangs
Armour
 e - a +3 chain mail
 v - a +1 pair of gloves (worn)
 y - the +1 leather armour of the Pink Corner (worn) {Dex+2}
   (You found it on level 6 of the Dungeon)

   Dex:       It affects your dexterity (+2).
Jewellery
 d - an amulet of guardian spirit (around neck)
 k - the cursed ring "Share My Insecurity" (left hand) {rF+, Cun, Fort}
   (You found it on level 3 of the Dungeon)

   [ring of protection from fire]

   rF:        It protects you from fire.
   It has a curse which improves the following skills: Cunning: Dodging and
   Stealth.
   Fortitude: Armour and Shields.
Wands
 r - a wand of digging (6)
Scrolls
 g - 8 scrolls of teleportation
 h - a scroll of poison
 j - a scroll of fear
 q - a scroll of magic mapping
 t - a scroll of identify
 u - a scroll of fog
 x - a scroll of blinking
Potions
 i - a potion of lignification
 l - a potion of berserk rage
 n - a potion of cancellation
 p - a potion of brilliance
 s - a potion of attraction
 w - a potion of curing


   Skills:
 + Level 6.0 Fighting
 + Level 5.8 Maces & Flails
 + Level 4.4(4.8) Dodging
 + Level 4.8 Spellcasting
 + Level 6.4 Conjurations
 + Level 2.9 Hexes


You couldn't memorise any spells.
You knew the following spells:

 Your Spells              Type           Power      Damage    Failure   Level
a - Kiss of Death         Conj/Necr      48%        2d9       5%          1
b - Momentum Strike       Conj/Tloc      24%        3d8       9%          2
c - Hailstorm             Conj/Ice       12%        3d5       17%         3
d - Blink                 Tloc           6%         N/A       32%         2
e - Dazzling Flash        Conj/Hex       32%        N/A       9%          3
f - Slow                  Hex            44%        N/A       6%          1
g - Mephitic Cloud        Conj/Pois/Air  9%         N/A       26%         3
h - Poisonous Vapours     Pois/Air       6%         N/A       32%         2

Your spell library contained the following spells:

 Spells                   Type           Power      Damage    Failure   Level
 Confusing Touch          Hex            11%        N/A       19%         3
 Lesser Beckoning         Tloc           6%         N/A       32%         2
 Vampiric Draining        Necr           3%         2d6       54%         3
 Irradiate                Conj/Tmut      6%         3d13      83%         5
 Petrify                  Tmut/Erth      3%         N/A       91%         4
 Freezing Cloud           Conj/Ice/Air   4%         6-21      94%         5
 Silence                  Hex/Air        3%         N/A       97%         5
 Agony                    Necr           3%         N/A       99%         5
 Sublimation of Blood     Necr           Unusable   N/A       N/A         2

Dungeon Overview and Level Annotations

Branches:
Dungeon (7/15)             Temple (1/1) D:5           Sewer (visited)

Altars:
Ashenzari
Cheibriados
Dithmenos
Elyvilon
Gozag
Hepliaklqana
Kikubaaqudgha
Makhleb
Okawaru
Qazlal
Ru
Sif Muna
Trog
Uskayaw
Vehumet
Wu Jian
Yredelemnul
The Shining One

Shops:
D:3 (

Annotations:
D:4 1 runed translucent door, boopmooplesden's ghost, amateur MiFi
D:6 1 runed translucent door, suzumiya's ghost, amateur MiGl
D:7 Joseph


Innate Abilities, Weirdness & Mutations

You are immune to sickness and miasma.
Your stone body is resilient. (AC +6)
You are immune to poison.
You resist negative energy. (rN+)
You are resistant to electric shocks. (rElec)
You are resistant to unholy torment.
You are immune to petrification.


Message History

An orc comes into view. It is wielding a +0 flail.
Things that are here:
a +0 flail; a hound corpse You hit Joseph.
Joseph is lightly wounded.
Joseph hits you with a +0 quarterstaff!
You barely miss Joseph.
Joseph is lightly wounded.
An orc comes into view.
It is wielding a +0 hand axe and carrying a wand of quicksilver (11).
Joseph misses you.
Throw: 4 darts (poison)
Press: ? - help, Q - select action, (/) - cycle Shift-Dir - straight line, f/p - Joseph
Aim: Joseph, wielding a +0 quarterstaff and wearing a +0 ring mail (lightly wounded, 64% to hit)
You throw a poisoned dart.
The poisoned dart closely misses Joseph.
The poisoned dart hits the orc.
The orc is poisoned.
The orc shouts!
You hear a shout! x2
Joseph closely misses you.
You hear a shout!
You hear an angry hiss.
You barely miss Joseph.
Joseph is lightly wounded.
Joseph hits you but does no damage.
You hit Joseph.
Joseph is lightly wounded.
You hit Joseph.
Joseph is lightly wounded.
Joseph says, "You must be punished!
Or...
I want to punish you!" Joseph hits you with a +0 quarterstaff!
* * * LOW HITPOINT WARNING * * *
An orc warrior comes into view. It is wielding a +0 glaive.
The air fills with toxic fumes!
As you read the scroll of poison, it crumbles to dust.
Joseph hits you with a +0 quarterstaff!
* * * LOW HITPOINT WARNING * * *
Joseph unwields a +0 quarterstaff.
Joseph wields a +0 sling.
Joseph shoots a sling bullet.
The sling bullet hits you!
* * * LOW HITPOINT WARNING * * *
Joseph shoots a sling bullet.
The sling bullet hits you!
You die...

.## ... ####### # #..
#.....# #####... .h#
#.....####.....# ..#
#.....##§§§### ..#
#.......§§§§§######o§####.
#.....######§@§)@oo§§§....
#[....# #######§§#§##..
#.....# ..## #.....# #.##
####### .. #.. ..g $...


You could see Joseph, an orc warrior and 2 orcs.

Vanquished Creatures
  A two-headed ogre (D:6)
  An ice beast (D:5)
  A sky beast (D:7)
  An ogre (D:4)
  A centaur (D:5)
  A phantom (D:6)
  2 scorpions (D:6)
  3 hounds
  3 orc priests
  A jelly (D:6)
  Natasha (thrice) (D:4)
  A hell rat (Sewer)
  4 iguanas
  9 orc wizards
  5 gnolls
  10 adders
  2 river rats (Sewer)
  2 white imps (D:6)
  4 ufetubi
  5 worms
  A dart slug (D:5)
  11 orcs
  6 bats
  9 endoplasms
  2 giant cockroaches
  6 goblins
  8 hobgoblins
  11 kobolds
  4 quokkas
  11 ball pythons
  6 frilled lizards
  16 rats
151 creatures vanquished.

Notes
Turn   | Place    | Note
-------+----------+-------------------------------------------
     0 | D:1      | booth the Gargoyle Reaver began the quest for the Orb.
     0 | D:1      | Reached XP level 1. HP: 12/12 MP: 3/3
   119 | D:1      | Reached XP level 2. HP: 18/18 MP: 5/5
   122 | D:1      | Learned a level 2 spell: Momentum Strike
   498 | D:1      | Reached XP level 3. HP: 21/22 MP: 6/6
   502 | D:1      | Learned a level 3 spell: Hailstorm
   941 | D:2      | Reached XP level 4. HP: 25/26 MP: 7/7
  1450 | D:2      | Reached XP level 5. HP: 24/32 MP: 7/9
  1998 | D:3      | Found Rotoug's Weapon Emporium.
  2146 | D:3      | Found a glowing drain.
  2182 | Sewer    | Entered a sewer
  2428 | D:3      | You fall into a shaft and drop 1 floor!
  2488 | D:4      | Reached XP level 6. HP: 27/37 MP: 10/10
  3234 | D:4      | Found a burning altar of Makhleb.
  3399 | D:4      | Reached XP level 7. HP: 10/41 MP: 9/12
  3572 | D:4      | Found a runed translucent door.
  3572 | D:4      | Noticed boopmooplesden's ghost (amateur MiFi)
  3588 | D:4      | Noticed Natasha
  3597 | D:4      | Killed Natasha
  3858 | D:4      | Noticed Natasha
  3868 | D:4      | Killed Natasha
  3869 | D:4      | Reached skill level 5 in Conjurations
  3874 | D:4      | Noticed Natasha
  3897 | D:4      | Killed Natasha
  4055 | D:5      | Entered Level 5 of the Dungeon
  4166 | D:5      | Learned a level 2 spell: Blink
  4170 | D:5      | Learned a level 3 spell: Dazzling Flash
  4655 | D:5      | Found a staircase to the Ecumenical Temple.
  4666 | D:5      | Reached skill level 1 in Hexes
  4666 | D:5      | Reached XP level 8. HP: 41/48 MP: 10/13
  4675 | Temple   | Entered the Ecumenical Temple
  4760 | Temple   | Became a worshipper of Ashenzari the Shackled
  5036 | D:6      | Reached skill level 5 in Maces & Flails
  5187 | D:6      | Found a hazy altar of Hepliaklqana.
  5191 | D:6      | Found a shadowy altar of Dithmenos.
  5191 | D:6      | Noticed a shadow
  5233 | D:6      | Reached skill level 5 in Fighting
  5273 | D:6      | Noticed a two-headed ogre
  5299 | D:6      | Killed a two-headed ogre
  5371 | D:6      | Reached XP level 9. HP: 27/55 MP: 5/15
  6057 | D:6      | Identified the +1 leather armour of the Pink Corner {Dex+2}
  6146 | D:6      | Found a runed translucent door.
  6149 | D:6      | Noticed suzumiya's ghost (amateur MiGl)
  6876 | D:7      | Learned a level 1 spell: Slow
  6880 | D:7      | Learned a level 3 spell: Mephitic Cloud
  6883 | D:7      | Learned a level 2 spell: Poisonous Vapours
  6917 | D:7      | Noticed Joseph
  6937 | D:7      | HP: 2/55 [Joseph/sling bullet (8)]
  6938 | D:7      | Shot with a sling bullet by Joseph

Illustrated notes

Levels and vault maps discovered:
D:1:      minmay_arrival_shattered_statue, layout_loops_ring
D:2:      minmay_razor_zed, layout_loops_ring
D:3:      layout_loops_ring, cheibrodos_sewer_entry_drain, serial_shops, shop,
          minmay_distorted
D:4:      layout_basic, mainiacjoe_overflow_chevrons, gammafunk_ghost_grave,
          uniq_natasha
D:5:      layout_cave_pools, minmay_temple_entry_mini_moons
D:6:      layout_layer_cave, riverfiend_overflow_shadow_ancestor,
          hellmonk_ghost_happy_afterlife
D:7:      layout_rooms, hex_intersection, uniq_prince_ribbit1, uniq_joseph
Temple:   hellmonk_temple_of_storms

Skill      XL: |  1  2  3  4  5  6  7  8  9 |
---------------+----------------------------+-----
Dodging        | 2 3 4 |  4.4
Fighting       | 3 4 5 6 |  6.0
Conjurations   | 4 5 6 |  6.4
Spellcasting   | 3 4 |  4.8
Maces & Flails | 4 5 |  5.8
Hexes          | 1 2 |  2.9

Action                     |  1- 3 |  4- 6 |  7- 9 || total
---------------------------+-------+-------+-------++-------
  Melee: Whip              |   101 |   225 |   227 ||   553
         Mace              |     6 |       |       ||     6
         Punch             |       |       |     2 ||     2
  Throw: Dart              |       |       |    10 ||    10
         Boomerang         |       |       |     2 ||     2
   Cast: Kiss of Death     |     1 |     1 |       ||     2
         Momentum Strike   |       |       |     1 ||     1
 Invoke: Curse Item        |       |       |     1 ||     1
    Use: Potion            |     1 |     3 |     2 ||     6
         Scroll            |       |    10 |     8 ||    18
 Armour: Leather armour    |    29 |    84 |    88 ||   201
  Dodge: Dodged            |    46 |   102 |   101 ||   249
